 Dungeon Crawl Stone Soup version 0.20-a0-550-gf70bbbc (webtiles) character file.

84 Rhoefr the Insei (level 4, 0/28 HPs)
             Began as an Octopode Transmuter on Feb 2, 2017.
             Succumbed to a gnoll's poison
             ... on level 2 of the Dungeon.
             The game lasted 00:04:20 (2154 turns).

Rhoefr the Insei (Octopode Transmuter)              Turns: 2154, Time: 00:04:21

Health: 0/28       AC:  1    Str:  8 (10) XL:     4   Next: 45%
Magic:  3/7        EV: 18    Int: 12 (15) God:
Gold:   133        SH:  0    Dex: 14 (17) Spells: 1/7 levels left

rFire    . . .     SeeInvis .     - Unarmed
rCold    + . .     Gourm    .   (no shield)
rNeg     . . .     Faith    .   (helmet restricted)
rPois    .         Spirit   .   (no amulet)
rElec    .         Reflect  .   f - ring of protection from cold
rCorr    .         Harm     .   (no ring)
MR       .....                  (no ring)
Stlth    ++++......             (no ring)
Regen    0.1/turn               (no ring)
                                (no ring)
                                (no ring)
                                (no ring)

@: agile, lethally poisoned (0 -> -5)
A: almost no armour, stealthy swim, amphibious, 8 rings, constrict 8, camouflage
1, gelatinous body 1
a: no special abilities


You were on level 2 of the Dungeon.
You were not hungry.

You visited 1 branch of the dungeon, and saw 2 of its levels.

You collected 133 gold pieces.

Inventory:

Missiles
 a - 10 arrows
 l - a throwing net (quivered)
Jewellery
 f - a ring of protection from cold (left tentacle)
Scrolls
 d - 2 scrolls of fear {unknown}
 g - 2 scrolls of identify {unknown}
 h - a scroll of teleportation {unknown}
 m - a scroll of blinking {unknown}
 o - a scroll of enchant armour {unknown}
 p - a scroll of recharging {unknown}
 r - a scroll of magic mapping {unknown}
Potions
 e - a potion of might {unknown}
 n - a potion of agility
Books
 b - a book of Changes

   Spells                             Type                      Level
   a - Beastly Appendage              Transmutation                1
   b - Sticks to Snakes               Transmutation                2
   c - Spider Form                    Transmutation/Poison         3
   d - Ice Form                       Ice/Transmutation            4
   e - Blade Hands                    Transmutation                5
Comestibles
 c - a bread ration
 j - 2 meat rations
 k - a fruit
 q - 2 royal jellies


   Skills:
 - Level 1.0 Fighting
 - Level 2.0 Dodging
 + Level 2.0 Stealth
 - Level 3.5 Unarmed Combat
 - Level 2.0 Spellcasting
 * Level 3.3 Transmutations
 * Level 1.6 Poison Magic


You had one spell level left.
You knew the following spells:

 Your Spells              Type           Power        Failure   Level  Hunger
a - Beastly Appendage     Tmut           #.....       10%         1    ##.....
b - Sticks to Snakes      Tmut           #.......     12%         2    ###....
c - Spider Form           Tmut/Pois      #.........   34%         3    ####...


Dungeon Overview and Level Annotations

Branches:
Dungeon (2/15)

Altars:


Innate Abilities, Weirdness & Mutations

You cannot wear most types of armour.
You are very stealthy in the water. (Stealth+)
You are amphibious.
You can wear up to eight rings at the same time.
You can use your tentacles to constrict eight enemies at once.
Your skin changes colour to match your surroundings (Stealth+).
Your rubbery body absorbs attacks. (AC +1, EV +1)


Message History

The gnoll hits your ball python with a whip of venom.
Your ball python dies!
You take 1 damage, and have 2/28 hp.
Your ball python loses its grip on something.
* * * LOW HITPOINT WARNING * * *
You feel sick.
You take 1 damage, and have 1/28 hp.
* * * LOW HITPOINT WARNING * * *
You feel sick.
It was a potion of agility.
You feel agile all of a sudden.
Your ball python barely misses the gnoll.
Your ball python completely misses the gnoll.
The gnoll hits your ball python with a whip of venom.
Your ball python dies!
It was a potion of degeneration.
There was something very wrong with that liquid.
You feel weakened.
You feel dopey.
You feel clumsy.
Your tentacle spike disappears.
You die...

##### #######
##...######......
##..............##
##.......####.##.#
#####.............##.## ##
#...<.................# ...
#.###..........#####..#
...###.# ##@......#.# #..#
.....#.#####.....##.# #.<#
........g.g.......##.# #..#
.........######...[#.#####..#
#...##...# #..............
#.. #..g#######>..#.######..
## #............##.# #..
#.#.#######..##.# ##.
#.###.## #..##.######..


There were no monsters in sight!

Vanquished Creatures
  Jessica (D:2)
  A gnoll (D:2)
  An adder (D:2)
  A worm (D:2)
  A leopard gecko (D:1)
  3 giant cockroaches
  3 goblins (D:1)
  A hobgoblin (D:1)
  7 jackals
  2 kobolds (D:1)
  7 bats (D:1)
  3 frilled lizards
  6 rats
37 creatures vanquished.

Notes
Turn   | Place    | Note
-------+----------+-------------------------------------------
     0 | D:1      | Rhoefr the Octopode Transmuter began the quest for the Orb.
     0 | D:1      | Reached XP level 1. HP: 13/13 MP: 3/3
   294 | D:1      | Reached XP level 2. HP: 10/18 MP: 5/5
  1158 | D:1      | Reached XP level 3. HP: 22/23 MP: 6/6
  1313 | D:2      | Learned a level 2 spell: Sticks to Snakes
  1317 | D:2      | Learned a level 3 spell: Spider Form
  1348 | D:2      | Reached skill level 1 in Stealth
  1504 | D:2      | Noticed Jessica
  1509 | D:2      | Killed Jessica
  1509 | D:2      | Reached skill level 1 in Poison Magic
  1509 | D:2      | Reached XP level 4. HP: 26/28 MP: 7/7
  2149 | D:2      | HP: 1/28 [poisoned by a gnoll]
  2154 | D:2      | Succumbed to a gnoll's poison

Vault maps used:
D:1:      minmay_arrival_floating_metal, serial_bayou, serial_bayou_pond_d,
          serial_bayou_pond_e, serial_bayou_shore_b, serial_bayou_ford_a
D:2:      chequers_ecumenical_altar_lobes, uniq_jessica

Skill      XL: |  1  2  3  4 |
---------------+-------------+-----
Stealth        | 1 2 |  2.0
Transmutations | 3 |  3.3
Poison Magic   | 1 |  1.6
Fighting       | |  1.0
Dodging        | |  2.0
Unarmed Combat | |  3.5
Spellcasting   | |  2.0

Action                   |  1- 3 |  4- 6 || total
-------------------------+-------+-------++-------
Melee: Unarmed           |    83 |    24 ||   107
       Constrict         |    21 |     6 ||    27
       Tentacles         |    14 |     5 ||    19
       Kick              |     4 |     4 ||     8
 Cast: Beastly Appendage |     2 |     4 ||     6
       Sticks to Snakes  |       |     2 ||     2
  Use: Potion            |       |     2 ||     2
 Stab: Sleeping          |     3 |     1 ||     4
  Eat: Chunk             |     2 |     2 ||     4
Armor: Skin              |    14 |     1 ||    15
Dodge: Dodged            |    74 |    13 ||    87
